 Dungeon Crawl Stone Soup version 0.16-a0-253-g996e5b4 (webtiles) character file.

134 PolkaDot the Ruffian (level 4, -4/36 HPs)
             Began as a Draconian Transmuter on Aug 23, 2014.
             Killed by divine providence
             ... invoked by an orc priest
              (10 damage)
             ... on Level 3 of the Dungeon.
             The game lasted 00:07:44 (2233 turns).

PolkaDot the Ruffian (Draconian Transmuter)         Turns: 2233, Time: 00:07:45

HP  -4/36        AC  6     Str 13      XL: 4   Next: 95%
MP   7/7         EV 17     Int 13      God:
Gold 107         SH  0     Dex 17      Spells:  1 memorised,  6 levels left

rFire  . . .     SeeInvis .       - Unarmed
rCold  . . .     Clarity  .     (armour unavailable)
rNeg   . . .     rCorr    .     (no shield)
rPois  .         rRot     .     (helmet restricted)
rElec  .         Spirit   .     (no cloak)
SustAb .         Warding  .     v - +0 pair of gloves
rMut   .         Stasis   .     (no boots)
Gourm  .                        (no amulet)
MR     .....                    (no ring)
                                (no ring)

@: confused, agile, not resistant to hostile enchantments, unstealthy
A: unfitting armour, cold-blooded, AC +5
a: no special abilities


You were on level 3 of the Dungeon.
You were not hungry.

You visited 1 branch of the dungeon, and saw 3 of its levels.

You collected 107 gold pieces.

Inventory:

Hand weapons
 b - a +0 hunting sling
Missiles
 g - 12 arrows
 h - 53 stones (quivered)
Armour
 v - a +0 pair of gloves (worn)
Comestibles
 a - 2 bread rations
 j - a chunk of hobgoblin flesh {@w1}
 u - a meat ration
Scrolls
 c - a scroll of noise {unknown}
 e - 4 scrolls of remove curse {unknown}
 l - 3 scrolls of identify {unknown}
 m - 3 scrolls of magic mapping {unknown}
 n - a scroll of teleportation {unknown}
 o - 2 scrolls of fog {unknown}
 p - a scroll of enchant armour {unknown}
 q - a scroll of blinking {unknown}
 r - a scroll of immolation {unknown}
Jewellery
 f - an uncursed ring of stealth {unknown}
Potions
 i - a potion of agility
Books
 d - a book of Changes

   Spells                             Type                      Level
   *Beastly Appendage                 Transmutation                1
   Sticks to Snakes                   Transmutation                2
   Spider Form                        Transmutation/Poison         3
   Ice Form                           Ice/Transmutation            4
   Blade Hands                        Transmutation                5


   Skills:
 - Level 1.9 Fighting
 + Level 1.6 Slings
 - Level 1.7 Dodging
 * Level 5.0 Unarmed Combat
 - Level 2.0 Spellcasting
 - Level 2.0 Transmutations


You had 6 spell levels left.
You knew the following spells:

 Your Spells              Type           Power        Failure   Level  Hunger
a - Beastly Appendage     Trmt           #.....       12%         1    ##.....


Dungeon Overview and Level Annotations

Branches:
Dungeon (3/15)

Altars:
Nemelex Xobeh
Okawaru
Yredelemnul
The Shining One


Innate Abilities, Weirdness & Mutations

Your plain brown scales are hard (AC +5).
Your body does not fit into most forms of armour.
Your cold-blooded metabolism reacts poorly to cold.


Message History

The orc wizard hits you but does no damage.
Drink which item? (? for menu, Esc to quit)
You are confused.
It was a potion of confusion.
The orc priest misses you. The orc wizard barely misses you.
Drink which item? (? for menu, Esc to quit)
Okay, then.
You hit the orc priest.
You tail-slap the orc priest, but do no damage.
The orc priest is moderately wounded.
The orc priest calls down the wrath of Beogh upon you.
Pain shoots through your body!
* * * LOW HITPOINT WARNING * * *
You hit the orc priest. You tail-slap the orc priest.
The orc priest is heavily wounded.
The orc wizard hits you from afar with a spear.
* * * LOW HITPOINT WARNING * * *
The orc priest invokes the aid of Beogh against you.
Something smites you!
You die...

<#. ..... ##.#.# #>...#
..### ##..#.######.
.......######..........#.
......ro@.%..............
!#####o######...#.####.##
# ######..>#.####)#
..........#...##.##
######.#........).
#.#####.##.## #.# #.##.#
#[# #.##.# ..# #.##.##


You could see an orc priest, an orc wizard and a rat.

Vanquished Creatures
  An orc priest (D:3)
  Jessica (D:2)
  3 adders (D:2)
  A worm (D:2)
  2 giant geckos
  3 oozes
  4 orcs (D:3)
  3 bats
  5 giant cockroaches
  6 hobgoblins
  2 ball pythons
  2 giant newts (D:1)
  7 goblins
  3 kobolds
  6 rats
49 creatures vanquished.

Notes
Turn   | Place    | Note
--------------------------------------------------------------
     0 | D:1      | PolkaDot, the Draconian Transmuter, began the quest for the Orb.
     0 | D:1      | Reached XP level 1. HP: 16/16 MP: 3/3
   378 | D:1      | Reached XP level 2. HP: 19/24 MP: 4/4
  1031 | D:2      | Reached XP level 3. HP: 24/29 MP: 6/6
  1055 | D:2      | Found a sparkling altar of Nemelex Xobeh.
  1128 | D:2      | Reached skill level 4 in Unarmed Combat
  1504 | D:2      | Noticed Jessica
  1519 | D:2      | Killed Jessica
  1519 | D:2      | Reached skill level 1 in Slings
  1519 | D:2      | Reached XP level 4. HP: 27/36 MP: 7/7
  1545 | D:2      | Found an iron altar of Okawaru.
  1655 | D:2      | Found a glowing golden altar of the Shining One.
  1659 | D:2      | Found a basalt altar of Yredelemnul.
  1662 | D:2      | Noticed an angel
  1666 | D:2      | Noticed a profane servitor
  2225 | D:3      | Reached skill level 5 in Unarmed Combat
  2233 | D:3      | Killed from afar by an orc priest

Action                   |  1- 3 |  4- 6 || total
-------------------------+-------+-------++-------
Melee: Unarmed           |   125 |    36 ||   161
 Fire: Hunting sling     |    42 |    15 ||    57
  Use: Potion            |     2 |     2 ||     4
  Eat: Chunk             |     1 |     3 ||     4
